Map: Dasan Station LE

Players

Zest

  • Race: Protoss Protoss

TRUE - Winner!

  • Race: Zerg Zerg

Event: 2016 WCS Global Finals

VOD

https://youtu.be/9sGNuJjNpnQ

Description

Time

  • Played on: Oct. 27, 2016, 2:50 p.m.
  • Length: 4:35

All games in this series

Show
View Real Time Build Order
Export as new Build Order

Zest Protoss 

Build Orders: 1 Gate Expand, Dark Templar Rush 

Get SALT Encoding   

  12  0:09  Pylon  
  12  0:13  Probe (Chrono Boost)  
  13  0:23  Probe (Chrono Boost)  
  14  0:30  Gateway  
  14  0:34  Probe (Chrono Boost)  
  15  0:41  Assimilator  
  15  0:44  Probe (Chrono Boost)  
  16  0:55  Probe (Chrono Boost)  
  17  0:59  Gateway  
  17  1:05  Probe (Chrono Boost)  
  18  1:16  Probe (Chrono Boost)  
  18  1:17  Cybernetics Core  
  19  1:41  Nexus  
  19  1:52  Adept x2  
  23  2:01  Pylon  
  23  2:04  Warp Gate  
  23  2:10  Assimilator  
  23  2:19  Probe (Chrono Boost)  
  24  2:23  Adept  
  24  2:25  Adept  
  24  2:29  Probe (Chrono Boost)  
  29  2:40  Probe (Chrono Boost)  
  30  2:46  Twilight Council  
  30  2:51  Probe (Chrono Boost)  
  31  2:55  Probe (Chrono Boost)  
  32  3:01  Probe (Chrono Boost)  
  33  3:06  Probe (Chrono Boost)  
  33  3:12  Probe (Chrono Boost)  
  35  3:13  Robotics Facility  
  35  3:19  Pylon, Probe (Chrono Boost)  
  36  3:23  Probe (Chrono Boost)  
  37  3:30  Probe (Chrono Boost)  
  37  3:33  Probe (Chrono Boost)  
  39  3:40  Probe (Chrono Boost), Dark Shrine  
  40  3:44  Probe (Chrono Boost)  
  41  3:51  Probe (Chrono Boost)  
  41  3:55  Mothership Core (Chrono Boost)  
  44  4:01  Probe (Chrono Boost)  
  47  4:09  Gateway  
  45  4:12  Pylon  
Show
View Real Time Build Order
Export as new Build Order

TRUE Zerg - Winner!

Build Orders: Hatch First 

Get SALT Encoding   

  12  0:00  Drone  
  13  0:08  Drone  
  14  0:33  Hatchery  
  13  0:36  Drone  
  14  0:44  Overlord  
  14  0:50  Drone, Extractor  
  15  1:04  Spawning Pool  
  15  1:08  Drone  
  15  1:10  Extractor  
  14  1:13  Drone  
  14  1:18  Drone  
  16  1:21  Drone  
  17  1:30  Drone  
  18  1:41  Drone  
  19  1:51  Queen  
  21  1:57  Queen  
  21  1:59  Zergling x2  
  24  2:02  Zergling x2  
  24  2:04  Zergling x2  
  24  2:08  Zergling x2  
  27  2:12  Metabolic Boost  
  27  2:17  Overlord  
  27  2:20  Zergling x2  
  28  2:25  Overlord  
  28  2:42  Zergling x8  
  31  2:49  Pneumatized Carapace  
  31  2:54  Queen  
  33  3:00  Evolution Chamber  
  32  3:06  Zergling x2  
  32  3:07  Zergling x4  
  32  3:12  Zergling x4  
  37  3:14  Zergling x2  
  37  3:16  Zergling x2  
  39  3:21  Overlord  
  39  3:34  Zergling x2  
  39  3:42  Zergling x2  
  39  3:46  Zergling x2  
  41  4:01  Zergling x6  
  44  4:03  Zergling x2  
  44  4:06  Zergling x2  
  44  4:09  Zergling x2  
  46  4:13  Zergling x2  
  45  4:17  Zergling x2  
Tags
 
Add a new tag
Caveats
  • Supply blocks, unpowered buildings, or Contaminate may cause inaccurate times.
  • Supply counts are checked every 10 seconds.